 Dungeon Crawl Stone Soup version 0.22.0-75-g3901e7991e (webtiles) character file.

9805 username5893471 the Geomancer (level 11, -4/79 HPs)
             Began as an Octopode Earth Elementalist on Sept 14, 2018.
             Was a High Priest of Cheibriados.
             Killed from afar by an electric eel (11 damage)
             ... with a bolt of electricity
             ... in a bailey.
             The game lasted 00:36:46 (17190 turns).

username5893471 the Geomancer (OpEE)               Turns: 17190, Time: 00:36:47

Health: -4/79      AC:  1    Str: 18    XL:     11   Next: 52%
Magic:  22/22      EV: 19    Int: 39    God:    Cheibriados [*****.]
Gold:   885        SH:  7    Dex: 25    Spells: 2/25 levels left

rFire    . . .     SeeInvis .   L - +2 dagger (vamp)
rCold    + . .     Gourm    .   p - +1 buckler
rNeg     . . .     Faith    .   (helmet restricted)
rPois    +         Spirit   .   w - amulet of Vitality {Regen+ HP+15}
rElec    .         Reflect  .   d - ring of protection from magic
rCorr    .         Harm     .   m - +3 ring of intelligence
MR       +....                  F - ring of protection from cold
Stlth    ++++++....             H - ring of poison resistance
HPRegen  0.63/turn              I - +4 ring of intelligence
MPRegen  0.18/turn              (no ring)
                                (no ring)
                                (no ring)

@: very slow
A: almost no armour, stealthy swim, amphibious, 8 rings, constrict 8, camouflage
1, poison resistance, weak 1, gelatinous body 1
a: Bend Time, Temporal Distortion, Slouch, Step From Time, Renounce Religion


You were in a bailey.
You worshipped Cheibriados.
Cheibriados was extremely pleased with you.
You were not hungry.

You visited 3 branches of the dungeon, and saw 12 of its levels.
You also visited: Bailey.

You collected 885 gold pieces.

Inventory:

Hand Weapons
 h - a +0 dagger
 r - a +0 club
 s - a +3 short sword of venom
 L - a +2 vampiric dagger (weapon)
Missiles
 b - 173 stones (quivered)
 e - 18 tomahawks
 v - 3 javelins
 G - 2 throwing nets
Armour
 p - a +1 buckler (worn)
Magical Staves
 K - an uncursed staff of energy
Jewellery
 d - a ring of protection from magic (left tentacle)
 f - an uncursed amulet of the gourmand
 m - a +3 ring of intelligence (right tentacle)
 q - an uncursed ring of fire
 w - the amulet of Vitality (around mantle) {Regen+ HP+15}
   (You acquired it in a bailey)

   [amulet of regeneration]

   It affects your health (+15).
   It increases your rate of regeneration.
 F - a ring of protection from cold (on tentacle)
 H - a ring of poison resistance (on tentacle)
 I - a +4 ring of intelligence (on tentacle)
Wands
 g - a wand of polymorph (13)
 l - a wand of disintegration (10)
Scrolls
 k - 2 scrolls of fog
 o - 4 scrolls of amnesia
 y - a scroll of immolation
 A - a scroll of teleportation
 D - a scroll of holy word
 E - a scroll of magic mapping
Potions
 a - 2 potions of cancellation
 i - 10 potions of curing
 j - a potion of might
 n - a potion of agility
 x - a potion of brilliance
 z - a potion of flight
 C - 4 potions of lignification
Miscellaneous
 J - a phantom mirror
Comestibles
 c - 23 rations
 t - 3 chunks of flesh


   Skills:
 * Level 1.7 Fighting
 * Level 2.4 Short Blades
 * Level 6.4 Dodging
 * Level 6.4 Stealth
 - Level 4.2 Shields
 * Level 7.8 Spellcasting
 * Level 5.1 Conjurations
 * Level 3.9 Hexes
 * Level 3.0 Transmutations
 * Level 8.1 Earth Magic
 * Level 4.7 Invocations
 * Level 6.0 Evocations


You had 2 spell levels left.
You knew the following spells:

 Your Spells              Type           Power        Failure   Level  Hunger
a - Sandblast             Erth           ######       1%          1    None
b - Passwall              Tmut/Erth      ######..     1%          2    None
c - Stone Arrow           Conj/Erth      ######       1%          3    None
d - Petrify               Tmut/Erth      ######..     2%          4    None
e - Lee's Rapid Deconstr  Erth           ######....   2%          5    ###....
f - Confuse               Hex            #####...     1%          3    None
g - Yara's Violent Unrav  Hex/Tmut       #####.....   16%         5    ###....

Your spell library contained the following spells:

 Spells                   Type           Power        Failure   Level  Hunger
 Confusing Touch          Hex            #####.       1%          1    None
 Sting                    Conj/Pois      ####         1%          1    None
 Summon Small Mammal      Summ           ###.         2%          1    None
 Call Imp                 Summ           ###.....     3%          2    None
 Poisonous Vapours        Pois/Air       ###...       3%          2    None
 Mephitic Cloud           Conj/Pois/Air  ####....     3%          3    None
 Summon Guardian Golem    Hex/Summ       ####....     3%          3    None
 Call Canine Familiar     Summ           ###.....     7%          3    None
 Gell's Gravitas          Tloc           ###.......   7%          3    None
 Venom Bolt               Conj/Pois      #####.....   22%         5    ###....
 Olgreb's Toxic Radiance  Pois           ###.....     24%         4    None
 Summon Ice Beast         Ice/Summ       ###.....     24%         4    None
 Summon Lightning Spire   Summ/Air       ###.....     24%         4    None
 Metabolic Englaciation   Hex/Ice        ####......   28%         5    ###....


Dungeon Overview and Level Annotations

Branches:
Dungeon (10/15)            Temple (1/1) D:4            Lair (0/6) D:10
    Orc (1/2) D:9

Altars:
Ashenzari
Cheibriados
Dithmenos
Elyvilon
Fedhas
Gozag
Hepliaklqana
Kikubaaqudgha
Makhleb
Nemelex Xobeh
Okawaru
Qazlal
Ru
Sif Muna
Trog
Uskayaw
Vehumet
Wu Jian
Xom
Yredelemnul
Zin
The Shining One

Annotations:
D:9 Gastronok


Innate Abilities, Weirdness & Mutations

You cannot wear most types of armour.
You are very stealthy in the water. (Stealth+)
You are amphibious.
You can wear up to eight rings at the same time.
You can use your tentacles to constrict eight enemies at once.
Your skin changes colour to match your surroundings (Stealth+).
Your rubbery body absorbs attacks. (AC +1, EV +1)
Your system is resistant to poisons. (rPois)
You are weak. (Str -2)


Message History

The hobgoblin splashes around in the water.
The hobgoblin closely misses you.
The electric eel shoots out a bolt of lightning at you!
The bolt of electricity hits you! You block the hobgoblin's attack.
The electric eel shoots out a bolt of lightning at you!
The bolt of electricity misses you. You block the hobgoblin's attack.
The electric eel shoots out a bolt of lightning at you!
The bolt of electricity hits you!
The electric eel shoots out a bolt of lightning at you!
The bolt of electricity hits you!
* * * LOW HITPOINT WARNING * * *
The electric eel shoots out a bolt of lightning at you!
The bolt of electricity hits you!
* * * LOW HITPOINT WARNING * * *
The electric eel shoots out a bolt of lightning at you!
The bolt of electricity hits you!
* * * LOW HITPOINT WARNING * * *
The electric eel shoots out a bolt of lightning at you!
The bolt of electricity hits you!
You die...

#.≈≈≈≈≈≈≈≈≈# #.≈≈≈≈≈≈≈≈≈#
#.# #.≈≈≈≈≈≈≈≈≈# #.#
#.≈≈≈≈≈≈≈≈≈# .∩.
#.g;≈≈≈≈≈≈≈# ####.#
#####'#≈≈≈≈≈≈≈≈# ?..#.#
%%#....#≈≈≈≈≈≈≈≈# !..+.+
.%%#....#≈≈≈≈≈≈≈≈#
###########.)###@≈≈≈≈≈≈≈#
....∩.....#.)+.#≈≈≈≈≈≈≈≈#
≈≈≈≈≈≈≈≈≈≈######≈≈≈≈≈≈≈≈#
≈≈≈≈≈≈≈≈≈≈≈≈≈≈≈≈≈≈≈≈≈≈≈≈#
≈≈≈≈≈≈≈≈≈≈≈≈≈≈≈≈≈≈≈≈≈≈≈≈#
≈≈≈≈≈≈≈≈≈≈≈≈≈≈≈≈≈≈≈≈≈≈≈≈#
≈≈≈≈≈≈≈≈≈≈≈≈≈≈≈≈≈≈≈≈≈≈≈≈#
≈≈≈≈≈≈≈≈≈≈≈≈≈≈≈≈≈≈≈≈≈≈≈≈#
#########################


You could see an electric eel and a hobgoblin.

Vanquished Creatures
  A two-headed ogre (D:8)
  Pikel (D:6)
  2 orc knights
  6 trolls
  A slime creature (D:8)
  Sigmund (D:6)
  Menkaure (D:7)
  A soldier ant (D:8)
  10 orc warriors
  3 sky beasts
  4 slaves (D:6)
  A black bear (D:9)
  4 ice beasts
  A necrophage (D:8)
  10 ogres
  2 centaurs
  A gnoll sergeant (D:6)
  8 bullfrogs
  6 scorpions
  3 electric eels (Bailey)
  2 centaur zombies
  5 crimson imps
  10 hounds
  A jelly (D:8)
  8 orc priests
  3 gnoll shamans (D:6)
  12 orc wizards
  A centaur skeleton (D:7)
  Ijyb (D:3)
  An iguana (D:6)
  Natasha (thrice) (D:2)
  7 worker ants
  A killer bee zombie (D:5)
  A hound zombie (D:8)
  A hound skeleton (D:6)
  3 worker ant zombies
  45 gnolls
  10 adders
  2 shadow imps
  An ooze (D:6)
  An adder zombie (D:6)
  3 adder skeletons
  2 worms (D:4)
  5 leopard geckos
  42 orcs
  A ball python (D:5)
  10 bats
  2 giant cockroaches
  16 goblins
  5 hobgoblins
  22 jackals
  6 quokkas
  9 frilled lizards
  A giant cockroach zombie (D:5)
  A jackal skeleton (D:4)
  5 kobolds
  A quokka skeleton (D:5)
  6 rats
323 creatures vanquished.

Notes
Turn   | Place    | Note
-------+----------+-------------------------------------------
     0 | D:1      | username5893471 the Octopode Earth Elementalist began the
                  | quest for the Orb.
     0 | D:1      | Reached XP level 1. HP: 11/11 MP: 3/3
   171 | D:1      | Reached XP level 2. HP: 17/17 MP: 5/5
   175 | D:1      | Learned a level 2 spell: Passwall
  1274 | D:2      | Reached XP level 3. HP: 20/21 MP: 4/6
  1279 | D:2      | Learned a level 3 spell: Stone Arrow
  1710 | D:2      | Noticed Natasha
  1714 | D:2      | Killed Natasha
  1714 | D:2      | Reached XP level 4. HP: 27/27 MP: 3/7
  1732 | D:2      | Noticed Natasha
  1739 | D:2      | Killed Natasha
  1745 | D:2      | Noticed Natasha
  1799 | D:2      | Killed Natasha
  1799 | D:2      | Reached skill level 1 in Conjurations
  1799 | D:2      | Reached XP level 5. HP: 21/32 MP: 4/9
  2030 | D:2      | Found a shadowy altar of Dithmenos.
  2414 | D:3      | Found a faded altar of an unknown god.
  2539 | D:3      | Learned a level 4 spell: Petrify
  2579 | D:3      | Found a hazy altar of Hepliaklqana.
  3673 | D:3      | Noticed Ijyb
  3681 | D:3      | Killed Ijyb
  3735 | D:3      | Gained mutation: You are weak. (Str -2) [potion of
                  | mutation]
  3735 | D:3      | Gained mutation: Your system is resistant to poisons.
                  | (rPois) [potion of mutation]
  3856 | D:4      | Noticed an ogre
  3860 | D:4      | Killed an ogre
  3860 | D:4      | Reached XP level 6. HP: 37/37 MP: 7/11
  4180 | D:4      | Reached skill level 4 in Earth Magic
  4531 | D:4      | Found a sacrificial altar of Ru.
  4823 | D:4      | Found a staircase to the Ecumenical Temple.
  4832 | Temple   | Entered the Ecumenical Temple
  5403 | D:5      | Entered Level 5 of the Dungeon
  5434 | D:5      | Reached skill level 1 in Evocations
  5474 | D:5      | Reached XP level 7. HP: 42/42 MP: 11/13
  5940 | D:5      | Learned a level 5 spell: Lee's Rapid Deconstruction
  5982 | D:5      | Reached skill level 5 in Spellcasting
  6005 | D:5      | Reached skill level 5 in Earth Magic
  6133 | D:5      | Reached XP level 8. HP: 47/47 MP: 12/15
  6341 | D:5      | Found a stormy altar of Qazlal.
  6343 | D:5      | Found a burning altar of Makhleb.
  7119 | D:6      | Noticed Sigmund
  7124 | D:6      | Killed Sigmund
  7141 | D:6      | Learned a level 3 spell: Confuse
  7204 | D:6      | Found a snail-covered altar of Cheibriados.
  7204 | D:6      | Found a shadowy altar of Dithmenos.
  7211 | D:6      | Became a worshipper of Cheibriados the Contemplative
  7248 | D:6      | Found an iron altar of Okawaru.
  7251 | D:6      | Found a blossoming altar of Fedhas.
  7511 | D:6      | Reached XP level 9. HP: 52/52 MP: 7/18
  7514 | D:6      | Reached * piety under Cheibriados
  7514 | D:6      | Reached skill level 1 in Hexes
  7530 | D:6      | Reached skill level 6 in Earth Magic
  7530 | D:6      | Reached skill level 1 in Invocations
  7994 | D:6      | Reached skill level 1 in Fighting
  8212 | D:6      | Reached ** piety under Cheibriados
  8422 | D:6      | Noticed Pikel
  8496 | D:6      | Killed Pikel
  8496 | D:6      | Reached skill level 1 in Shields
  9073 | D:7      | Noticed Menkaure
  9077 | D:7      | Killed Menkaure
  9379 | D:7      | Reached skill level 5 in Stealth
  9387 | D:6      | Reached *** piety under Cheibriados
  9571 | D:6      | Reached skill level 5 in Dodging
  9571 | D:6      | Reached XP level 10. HP: 20/59 MP: 3/20
 10023 | D:7      | Learned a level 5 spell: Yara's Violent Unravelling
 11240 | D:8      | Reached skill level 7 in Earth Magic
 11404 | D:8      | Found a shimmering altar of Xom.
 11405 | D:8      | Found an ornate altar of the Wu Jian Council.
 11405 | D:8      | Found a snail-covered altar of Cheibriados.
 11405 | D:8      | Found a sacrificial altar of Ru.
 11571 | D:8      | Reached **** piety under Cheibriados
 11571 | D:8      | Reached skill level 5 in Evocations
 12004 | D:8      | Noticed a two-headed ogre
 12012 | D:8      | Killed a two-headed ogre
 12012 | D:8      | Reached skill level 1 in Short Blades
 12989 | D:9      | Found a bloodstained altar of Trog.
 13520 | D:9      | Reached XP level 11. HP: 63/63 MP: 6/22
 13827 | D:9      | Found a staircase to the Orcish Mines.
 13835 | D:9      | Reached ***** piety under Cheibriados
 13843 | D:9      | Got a faintly glowing diamond amulet
 13856 | D:9      | Identified the amulet of the Duchess {Fragile +Rage rC+
                  | Dex+7} (You took it off an orc on level 9 of the Dungeon)
 14367 | Orc:1    | Entered Level 1 of the Orcish Mines
 14510 | D:9      | Reached skill level 5 in Conjurations
 14878 | Orc:1    | Noticed an orc knight
 14950 | Orc:1    | Killed an orc knight
 14955 | Orc:1    | Noticed Gastronok
 16446 | D:10     | Entered Level 10 of the Dungeon
 16477 | D:10     | Found a flagged portal.
 16551 | Bailey   | Entered a bailey
 16713 | Bailey   | Noticed an orc knight
 16724 | Bailey   | Killed an orc knight
 16724 | Bailey   | Reached skill level 8 in Earth Magic
 16885 | Bailey   | Found the amulet of Vitality {Regen+ HP+15}
 17190 | Bailey   | Killed from afar by an electric eel

Skill      XL: |  1  2  3  4  5  6  7  8  9 10 11 |
---------------+----------------------------------+-----
Stealth        | 3 4 5 6 |  6.4
Conjurations   | 1 2 3 4 5 |  5.1
Spellcasting   | 3 4 5 6 7 |  7.8
Dodging        | 3 4 5 6 |  6.4
Earth Magic    | 4 5 6 7 8 |  8.1
Evocations     | 1 3 4 5 6 |  6.0
Hexes          | 2 3 |  3.9
Invocations    | 2 4 |  4.7
Fighting       | 1 |  1.7
Shields        | 2 3 4 |  4.2
Transmutations | 2 3 |  3.0
Short Blades   | 1 2 |  2.4

Action                   |  1- 3 |  4- 6 |  7- 9 | 10-12 || total
-------------------------+-------+-------+-------+-------++-------
Melee: Unarmed           |    14 |       |       |       ||    14
       Constrict         |    14 |    18 |    16 |    44 ||    92
       Tentacles         |     5 |     9 |    16 |    88 ||   118
       Dagger            |    34 |    60 |   102 |   209 ||   405
 Cast: Sandblast         |    12 |    73 |   164 |    32 ||   281
       Stone Arrow       |       |       |     7 |    17 ||    24
       Passwall          |       |       |     2 |       ||     2
       Lee's Rapid Decon |       |       |     9 |    37 ||    46
       Petrify           |       |       |     7 |    79 ||    86
Evoke: Wand              |       |       |       |     5 ||     5
  Use: Scroll            |     3 |     4 |     3 |    16 ||    26
       Potion            |       |     1 |     7 |       ||     8
 Stab: Sleeping          |    11 |     4 |     1 |     4 ||    20
       Petrified         |       |       |     9 |    28 ||    37
       Petrifying        |       |       |     1 |    17 ||    18
       Distracted        |       |       |     1 |     1 ||     2
  Eat: Chunk             |     2 |    17 |    15 |    14 ||    48
Armor: Skin              |     2 |    11 |    55 |     6 ||    74
Dodge: Dodged            |    34 |    69 |    86 |   145 ||   334
Block: Buckler           |       |       |    17 |    59 ||    76
